 Dungeon Crawl Stone Soup version 0.25-a0-294-gea9b1ad378 (webtiles) character file.

Game seed: 18320642031402739371, levelgen mode: deterministic

33 Redear the Shield-Bearer (level 3, -5/26 HPs)
             Began as an Octopode Fighter on Dec 18, 2019.
             Slain by Sigmund
             ... wielding a +0 scythe
              (11 damage)
             ... on level 2 of the Dungeon.
             The game lasted 00:01:06 (782 turns).

Redear the Shield-Bearer (Octopode Fighter)          Turns: 782, Time: 00:01:07

Health: -5/26      AC:  1    Str: 15    XL:     3   Next: 29%
Magic:  3/3        EV: 12    Int: 10    God:
Gold:   44         SH:  8    Dex: 12    Spells: 2/2 levels left

rFire    . . .     SeeInvis .   a - +0 rapier
rCold    . . .     Gourm    .   b - +0 shield
rNeg     . . .     Faith    .   (helmet restricted)
rPois    .         Spirit   .   (no amulet)
rElec    .         Reflect  .   (no ring)
rCorr    .         Harm     .   (no ring)
MR       .....                  (no ring)
Stlth    +++.......             (no ring)
HPRegen  0.08/turn              (no ring)
MPRegen  0.08/turn              (no ring)
                                (no ring)
                                (no ring)

@: no status effects
A: almost no armour, stealthy swim, amphibious, 8 rings, constrict 8, camouflage
1, gelatinous body 1
a: no special abilities


You were on level 2 of the Dungeon.
You were not hungry.

You visited 1 branch of the dungeon, and saw 2 of its levels.

You collected 44 gold pieces.

Inventory:

Hand Weapons
 a - a +0 rapier (weapon)
Armour
 b - a +0 shield (worn)
Scrolls
 d - a scroll of identify {unknown}
 e - a scroll of remove curse {unknown}
 f - a scroll of immolation {unknown}
 h - a scroll of magic mapping {unknown}
 i - a scroll of teleportation {unknown}
Potions
 c - a potion of might {Str+5 DMG+1d10 | @q3}
 g - a potion of degeneration {unknown}
Comestibles
 z - 2 rations


   Skills:
 + Level 3.3 Fighting
 - Level 2.0 Short Blades
 + Level 3.3 Dodging
 + Level 1.9 Stealth
 + Level 3.3 Shields


You had 2 spell levels left.
You didn't know any spells.
Your spell library was empty.

Dungeon Overview and Level Annotations

Branches:
Dungeon (2/15)

Altars:
Nemelex Xobeh

Annotations:
D:2 Sigmund


Innate Abilities, Weirdness & Mutations

You cannot wear most types of armour.
You are very stealthy in the water. (Stealth+)
You are amphibious.
You can wear up to eight rings at the same time.
You can use your tentacles to constrict eight enemies at once.
Your skin changes colour to match your surroundings (Stealth+).
Your rubbery body absorbs attacks. (AC +1, EV +1)


Message History

Unknown command.
You release your grip on Sigmund.
Sigmund closely misses you.
Health restored: 26 Sigmund casts a spell at you.
The magic dart hits you!
You take 8 damage, and have 18/26 hp.
MASSIVE DAMAGE!!
You bump into the rock wall.
Sigmund casts a spell.
Sigmund flickers and vanishes!
Deactivating autopickup; reactivate with Ctrl-A.
You closely miss something.
You feel less confused. Something barely misses you.
You hit something but do no damage. Something barely misses you.
You hit something but do no damage. You miss something.
Your squeeze misses something. Something hits you!
* * * LOW HITPOINT WARNING * * *
You take 12 damage, and have 6/26 hp.
MASSIVE DAMAGE!!
You closely miss something. Your squeeze misses something. Something hits you!
You die...

## .####.###.....# .#
.....>.#.# .$# .# #.###.#
## .# #....## #.# .#
#.###.## #.# .# #.#
#..###.# .#########.#
#...#..# ###.....##.#
###..###### ........##.#
#.@{....$..
##.........#....#........
##......####.##..........
.#......# # ########...
.#.###### #b .#.# ...#
.### .#


There were no monsters in sight!

Vanquished Creatures
  A worm (D:2)
  A dart slug (D:1)
  A leopard gecko (D:1)
  A giant cockroach (D:1)
  5 goblins (D:1)
  4 hobgoblins
  2 bats (D:1)
  5 frilled lizards (D:1)
  5 kobolds (D:1)
  A rat (D:1)
26 creatures vanquished.

Vanquished Creatures (others)
  5 toadstools (D:1)
5 creatures vanquished.

Grand Total: 31 creatures vanquished

Notes
Turn   | Place    | Note
-------+----------+-------------------------------------------
     0 | D:1      | Redear the Octopode Fighter began the quest for the Orb.
     0 | D:1      | Reached XP level 1. HP: 16/16 MP: 1/1
   100 | D:1      | Reached skill level 1 in Stealth
   135 | D:1      | Reached XP level 2. HP: 16/21 MP: 2/2
   494 | D:1      | Reached XP level 3. HP: 26/26 MP: 3/3
   683 | D:1      | Found a sparkling altar of Nemelex Xobeh.
   764 | D:2      | Noticed Sigmund
   782 | D:2      | Slain by Sigmund

Levels and vault maps discovered:
D:1:      ldierk_walled_garden, layout_loops_ring, nemelex_diamond_rough_becter
D:2:      layout_loops_cross, nicolae_ru_the_path_less_chosen, first_ration,
          grunt_dithmenos_smoke, uniq_robin, uniq_crazy_yiuf_cottage,
          uniq_sigmund

Skill      XL: |  1 |
---------------+----+-----
Stealth        | 1 |  1.9
Fighting       | |  3.3
Short Blades   | |  2.0
Dodging        | |  3.3
Shields        | |  3.3

Action                   || total
-------------------------++-------
Melee: Rapier            ||    53
       Constrict         ||    10
       Tentacles         ||     6
 Stab: Sleeping          ||     9
Armor: Skin              ||     1
Dodge: Dodged            ||    18
Block: Shield            ||    13

Table legend:
 A = Non-vault XP
 B = Vault XP
 C = Vault XP percentage of total XP
 D = Non-vault monster count
 E = Vault monster count
 F = Vault count percentage of total count
                 A         B        C        D         E       F
            +---------+---------+-------+---------+---------+-------
      Total |      48 |       0 |   0.0 |      26 |       0 |   0.0
            +---------+---------+-------+---------+---------+-------
        D:1 |      41 |       0 |   0.0 |      24 |       0 |   0.0
        D:2 |       7 |       0 |   0.0 |       2 |       0 |   0.0
            +---------+---------+-------+---------+---------+-------
